SAAA
PENNSAUKEN FLYERS @ ALLOWAY HALBERDS
09/03/2028
 
TOP OF THE 1ST
Pennsauken Flyers batting - Pitching for Alloway Halberds : RHP John Hicks
Pitching: RHP John Hicks
Batting: LHB Jorge Ortíz 0-0: Called Strike
0-1: Foul Ball, location: 2F
0-2: Ball
1-2: Fly out, F7 (Flyball, 78D)
Batting: LHB Vinski Prifti 0-0: Swinging Strike
0-1: Foul Ball, location: 2F
0-2: Ball
1-2: Ball
2-2: Foul Ball, location: 2F
2-2: Ball
3-2: Ground out 4-3 (Groundball, 4M)
Batting: RHB José Rodríguez 0-0: Ball
1-0: SINGLE (Line Drive, 78M)
Batting: RHB Byron Isaacson 0-0: Ball
1-0: Called Strike
1-1: Ball
2-1: Called Strike
2-2: Ball
3-2: Fly out, F6 (Popup, 6)
Top of the 1st over - 0 run(s), 1 hit(s), 0 error(s), 1 left on base; Pennsauken 0 - Alloway 0
BOTTOM OF THE 1ST
Alloway Halberds batting - Pitching for Pennsauken Flyers : RHP Alejandro Arteaga
Pitching: RHP Alejandro Arteaga
Batting: RHB Phil Sherman 0-0: Called Strike
0-1: Ball
1-1: Ball
2-1: Called Strike
2-2: Strikes out swinging
Batting: LHB Jesús Trevino 0-0: Called Strike
0-1: Ball
1-1: Ball
2-1: Foul Ball, location: 2F
2-2: Fly out, F5 (Popup, 5L)
Batting: RHB Jordan Hollins 0-0: Ball
1-0: Ball
2-0: Foul Ball, location: 2F
2-1: Ball
3-1: Called Strike
3-2: Foul Ball, location: 2F
3-2: Strikes out swinging
Bottom of the 1st over - 0 run(s), 0 hit(s), 0 error(s), 0 left on base; Pennsauken 0 - Alloway 0
TOP OF THE 2ND
Pennsauken Flyers batting - Pitching for Alloway Halberds : RHP John Hicks
Batting: LHB Pedro Corona 0-0: Foul Ball, location: 2F
0-1: Ball
1-1: Swinging Strike
1-2: Ball
2-2: Ball
3-2: Fly out, F9 (Flyball, 9S)
Batting: LHB Javier Antonio 0-0: Ball
1-0: Ground out U3 (Groundball, 3)
Batting: SHB Arnold Bunch 0-0: Foul Ball, location: 2F
0-1: Foul Ball, location: 2F
0-2: Ball
1-2: SINGLE (Flyball, 8RS)
Batting: RHB Dave Stockman 0-0: Foul Ball, location: 2F
0-1: Ball
1-1: Fly out, F2 (Popup, 25)
Top of the 2nd over - 0 run(s), 1 hit(s), 0 error(s), 1 left on base; Pennsauken 0 - Alloway 0
BOTTOM OF THE 2ND
Alloway Halberds batting - Pitching for Pennsauken Flyers : RHP Alejandro Arteaga
Batting: RHB Juan Salinas 0-0: Ball
1-0: Ball
2-0: Foul Ball, location: 2F
2-1: Ball
3-1: Fly out, F5 (Popup, 56S)
Batting: RHB Jerry Yates 0-0: Foul Ball, location: 2F
0-1: Ball
1-1: DOUBLE (Line Drive, 78M)
Batting: LHB Toby Kamin 0-0: Ball
1-0: Ball
2-0: Swinging Strike
2-1: Ball
3-1: Called Strike
3-2: Base on Balls
Batting: RHB Bryan Clifton 0-0: Ball
1-0: Fly out, F3 (Popup, 3L)
Batting: LHB Phil MacNamara 0-0: Ball
1-0: Ball
2-0: Swinging Strike
2-1: Called Strike
2-2: Foul Ball, location: 2F
2-2: Ball
3-2: Base on Balls
Jerry Yates to third
Toby Kamin to second
Batting: RHB Rafael Delgado 0-0: Called Strike
0-1: Called Strike
0-2: Ball
1-2: Ball
2-2: Ball
3-2: Ground out U3 (Groundball, 34S)
Bottom of the 2nd over - 0 run(s), 1 hit(s), 0 error(s), 3 left on base; Pennsauken 0 - Alloway 0
TOP OF THE 3RD
Pennsauken Flyers batting - Pitching for Alloway Halberds : RHP John Hicks
Batting: RHB Marc Beck 0-0: Ball
1-0: Foul Ball, location: 2F
1-1: Swinging Strike
1-2: Strikes out swinging
Batting: LHB Jorge Ortíz 0-0: Foul Ball, location: 2F
0-1: Ball
1-1: Called Strike
1-2: Ground out 4-3 (Groundball, 4)
Batting: LHB Vinski Prifti 0-0: Fly out, F6 (Line Drive, 6)
Top of the 3rd over - 0 run(s), 0 hit(s), 0 error(s), 0 left on base; Pennsauken 0 - Alloway 0
BOTTOM OF THE 3RD
Alloway Halberds batting - Pitching for Pennsauken Flyers : RHP Alejandro Arteaga
Batting: RHB Phil Sherman 0-0: Called Strike
0-1: Swinging Strike
0-2: Ball
1-2: Ball
2-2: Ball
3-2: Foul Ball, location: 2F
3-2: Base on Balls
Batting: LHB Jesús Trevino 0-0: Ball
1-0: Fly out, F8 (Flyball, 8RS)
Batting: RHB Jordan Hollins 0-0: Called Strike
0-1: Fly out, F8 (Line Drive, 8RS)
Batting: RHB Juan Salinas 0-0: Called Strike
0-1: Called Strike
0-2: Ball
1-2: Strikes out swinging
Bottom of the 3rd over - 0 run(s), 0 hit(s), 0 error(s), 1 left on base; Pennsauken 0 - Alloway 0
TOP OF THE 4TH
Pennsauken Flyers batting - Pitching for Alloway Halberds : RHP John Hicks
Batting: RHB José Rodríguez 0-0: Ball
1-0: Swinging Strike
1-1: Fly out, F4 (Popup, 4)
Batting: RHB Byron Isaacson 0-0: Ball
1-0: Ball
2-0: Called Strike
2-1: Foul Ball, location: 2F
2-2: Foul Ball, location: 2F
2-2: Ground out 6-3 (Groundball, 6)
Batting: LHB Pedro Corona 0-0: Called Strike
0-1: Ball
1-1: Ball
2-1: Foul Ball, location: 2F
2-2: Foul Ball, location: 2F
2-2: Ball
3-2: Strikes out looking
Top of the 4th over - 0 run(s), 0 hit(s), 0 error(s), 0 left on base; Pennsauken 0 - Alloway 0
BOTTOM OF THE 4TH
Alloway Halberds batting - Pitching for Pennsauken Flyers : RHP Alejandro Arteaga
Batting: RHB Jerry Yates 0-0: Ball
1-0: Ball
2-0: Ball
3-0: Called Strike
3-1: Foul Ball, location: 2F
3-2: Strikes out looking
Batting: LHB Toby Kamin 0-0: Fly out, F7 (Flyball, 7LMF)
Batting: RHB Bryan Clifton 0-0: Ball
1-0: Called Strike
1-1: Foul Ball, location: 2F
1-2: Foul Ball, location: 2F
1-2: Ball
2-2: Strikes out swinging, 2-3 out at first.
Bottom of the 4th over - 0 run(s), 0 hit(s), 0 error(s), 0 left on base; Pennsauken 0 - Alloway 0
TOP OF THE 5TH
Pennsauken Flyers batting - Pitching for Alloway Halberds : RHP John Hicks
Batting: LHB Javier Antonio 0-0: Foul Ball, location: 2F
0-1: Ball
1-1: Ball
2-1: SINGLE (Line Drive, 34)
Batting: SHB Arnold Bunch 0-0: Bunted foul
0-1: Ball
1-1: Bunted foul
1-2: Strikes out looking
Batting: RHB Dave Stockman 0-0: Ball
1-0: Ball
2-0: Ball
3-0: Called Strike
3-1: Base on Balls
Javier Antonio to second
Pitching: RHP Andy Perry
Batting: RHB Marc Beck 0-0: Ball
1-0: Foul Ball, location: 2F
1-1: Ball
2-1: Foul Ball, location: 2F
2-2: Strikes out swinging
Batting: LHB Jorge Ortíz 0-0: Called Strike
0-1: Called Strike
0-2: Ball
1-2: Strikes out swinging
Top of the 5th over - 0 run(s), 1 hit(s), 0 error(s), 2 left on base; Pennsauken 0 - Alloway 0
BOTTOM OF THE 5TH
Alloway Halberds batting - Pitching for Pennsauken Flyers : RHP Alejandro Arteaga
Batting: LHB Phil MacNamara 0-0: Ground out 4-3 (Groundball, 4)
Batting: RHB Rafael Delgado 0-0: Ball
1-0: Ground out 6-3 (Groundball, 6S)
Batting: RHB Phil Sherman 0-0: Called Strike
0-1: Ball
1-1: Swinging Strike
1-2: Ball
2-2: Ground out 5-3 (Groundball, 56S)
Bottom of the 5th over - 0 run(s), 0 hit(s), 0 error(s), 0 left on base; Pennsauken 0 - Alloway 0
TOP OF THE 6TH
Pennsauken Flyers batting - Pitching for Alloway Halberds : RHP Andy Perry
Batting: LHB Vinski Prifti 0-0: DOUBLE (Flyball, 8LM)
Batting: RHB José Rodríguez 0-0: Ball
1-0: Ball
2-0: DOUBLE (Line Drive, 8LXD)
Vinski Prifti scores
Batting: RHB Byron Isaacson 0-0: Ball
1-0: Foul Ball, location: 2F
1-1: Ball
2-1: Foul Ball, location: 2F
2-2: Foul Ball, location: 2F
2-2: Ball
3-2: Foul Ball, location: 2F
3-2: Foul Ball, location: 2F
3-2: Foul Ball, location: 2F
3-2: Fly out, F8 (Flyball, 89D)
Runner from 2nd tags up, SAFE at 3rd, no throw
Batting: LHB Pedro Corona 0-0: Ball
1-0: Called Strike
1-1: Ball
2-1: Fly out, F7 (Flyball, 78M)
Runner from 3rd tags up, SCORES, no throw
Batting: LHB Javier Antonio 0-0: Called Strike
0-1: Swinging Strike
0-2: Ball
1-2: Fly out, F7 (Flyball, 78M)
Top of the 6th over - 2 run(s), 2 hit(s), 0 error(s), 0 left on base; Pennsauken 2 - Alloway 0
BOTTOM OF THE 6TH
Alloway Halberds batting - Pitching for Pennsauken Flyers : RHP Alejandro Arteaga
Batting: LHB Jesús Trevino 0-0: Swinging Strike
0-1: Swinging Strike
0-2: Ball
1-2: Ball
2-2: Foul Ball, location: 2F
2-2: Strikes out swinging
Batting: RHB Jordan Hollins 0-0: Ball
1-0: Foul Ball, location: 2F
1-1: Ball
2-1: Swinging Strike
2-2: Strikes out swinging
Batting: RHB Juan Salinas 0-0: Called Strike
0-1: Foul Ball, location: 2F
0-2: Ball
1-2: Fly out, F8 (Line Drive, 8LD)
Bottom of the 6th over - 0 run(s), 0 hit(s), 0 error(s), 0 left on base; Pennsauken 2 - Alloway 0
TOP OF THE 7TH
Pennsauken Flyers batting - Pitching for Alloway Halberds : RHP Andy Perry
Pitching: LHP António Muńóz
Batting: SHB Arnold Bunch 0-0: Called Strike
0-1: Ball
1-1: Foul Ball, location: 2F
1-2: Strikes out swinging
Batting: RHB Dave Stockman 0-0: Ball
1-0: Ball
2-0: Ball
3-0: Called Strike
3-1: Ground out 4-3 (Groundball, 34D)
Batting: RHB Marc Beck 0-0: Ball
1-0: Ball
2-0: Foul Ball, location: 2F
2-1: Ball
3-1: Foul Ball, location: 2F
3-2: Fly out, F9 (Flyball, 89M)
Top of the 7th over - 0 run(s), 0 hit(s), 0 error(s), 0 left on base; Pennsauken 2 - Alloway 0
BOTTOM OF THE 7TH
Alloway Halberds batting - Pitching for Pennsauken Flyers : RHP Alejandro Arteaga
Batting: RHB Jerry Yates 0-0: Called Strike
0-1: Ball
1-1: Ball
2-1: Swinging Strike
2-2: Foul Ball, location: 2F
2-2: Strikes out swinging
Batting: LHB Toby Kamin 0-0: Called Strike
0-1: Fly out, F4 (Popup, 4D)
Batting: RHB Bryan Clifton 0-0: Foul Ball, location: 2F
0-1: Foul Ball, location: 2F
0-2: Ball
1-2: Ball
2-2: Fly out, F8 (Flyball, 8RS)
Bottom of the 7th over - 0 run(s), 0 hit(s), 0 error(s), 0 left on base; Pennsauken 2 - Alloway 0
TOP OF THE 8TH
Pennsauken Flyers batting - Pitching for Alloway Halberds : LHP António Muńóz
Batting: LHB Jorge Ortíz 0-0: Foul Ball, location: 2F
0-1: Ball
1-1: Ball
2-1: SINGLE (Flyball, 78S)
Batting: LHB Vinski Prifti 0-0: Called Strike
0-1: Ball
1-1: SINGLE (Line Drive, 9S)
Jorge Ortíz to second
Batting: RHB José Rodríguez 0-0: Ball
1-0: Ball
Jorge Ortíz steals 3rd base
Vinski Prifti to second
2-0: Foul Ball, location: 2F
2-1: Ground out 5-3 (Groundball, 56)
Batting: RHB Byron Isaacson 0-0: Intentional Walk
Pitching: RHP Shi-lin Li
Batting: LHB Pedro Corona 0-0: Grounds into fielders choice 4-2 (Groundball, 4)
Vinski Prifti to third
Byron Isaacson to second
Pitching: RHP Kenete Daku
Batting: LHB Javier Antonio 0-0: Called Strike
0-1: Ball
1-1: Called Strike
1-2: Ball
2-2: Fielders Choice at 2nd, 6-4 (Groundball, 6)
Top of the 8th over - 0 run(s), 2 hit(s), 0 error(s), 2 left on base; Pennsauken 2 - Alloway 0
BOTTOM OF THE 8TH
Alloway Halberds batting - Pitching for Pennsauken Flyers : RHP Alejandro Arteaga
Pitching: RHP Jeren Kendall
Batting: LHB Phil MacNamara 0-0: Ground out 4-3 (Groundball, 34D)
Batting: RHB Rafael Delgado 0-0: Called Strike
0-1: Ball
1-1: Ball
2-1: Ball
3-1: Ground out 3-1 (Groundball, 34S)
Batting: RHB Phil Sherman 0-0: Called Strike
0-1: Ball
1-1: Called Strike
1-2: Ball
2-2: Ball
3-2: Ground out 4-3 (Groundball, 4)
Bottom of the 8th over - 0 run(s), 0 hit(s), 0 error(s), 0 left on base; Pennsauken 2 - Alloway 0
TOP OF THE 9TH
Pennsauken Flyers batting - Pitching for Alloway Halberds : RHP Kenete Daku
Batting: SHB Arnold Bunch 0-0: Called Strike
0-1: DOUBLE (Flyball, 8LD)
Batting: RHB Dave Stockman 0-0: Intentional Walk
Pinch Hitting: RHB Stephen Johnson 0-0: Bunted foul
0-1: Ball
1-1: Sac Bunt - play at first, batter OUT! 4-3
Arnold Bunch to third
Dave Stockman to second
Pinch Hitting: LHB Ignacio Martínez 0-0: Swinging Strike
0-1: Ball
1-1: Foul Ball, location: 2F
1-2: Foul Ball, location: 2F
1-2: Ball
2-2: Ball
3-2: Base on Balls
Batting: LHB Vinski Prifti 0-0: SINGLE (Groundball, 34D)
Arnold Bunch scores
Dave Stockman to third
Ignacio Martínez to second
Batting: RHB José Rodríguez 0-0: Called Strike
0-1: Ball
1-1: Swinging Strike
1-2: Ball
2-2: DOUBLE (Line Drive, 7LM)
Dave Stockman scores
Ignacio Martínez scores
Vinski Prifti to third
Runner from 3rd tries for Home, SAFE, no throw
Batting: RHB Byron Isaacson 0-0: Ball
1-0: Ball
2-0: Called Strike
2-1: Ball
3-1: Foul Ball, location: 2F
3-2: Base on Balls
Batting: LHB Pedro Corona 0-0: Ball
1-0: Called Strike
1-1: Foul Ball, location: 2F
1-2: Foul Ball, location: 2F
1-2: Ball
2-2: Foul Ball, location: 2F
2-2: Ball
3-2: Foul Ball, location: 2F
3-2: Foul Ball, location: 2F
3-2: Foul Ball, location: 2F
3-2: Foul Ball, location: 2F
3-2: Foul Ball, location: 2F
3-2: Base on Balls
José Rodríguez to third
Byron Isaacson to second
Batting: LHB Javier Antonio 0-0: Ball
1-0: Foul Ball, location: 2F
1-1: Foul Ball, location: 2F
1-2: Foul Ball, location: 2F
1-2: Foul Ball, location: 2F
1-2: Ball
2-2: DOUBLE (Groundball, 3L)
José Rodríguez scores
Byron Isaacson scores
Pedro Corona to third
Batting: SHB Arnold Bunch 0-0: Foul Ball, location: 2F
0-1: Ball
1-1: Ball
2-1: SINGLE (Groundball, 34D)
Pedro Corona scores
Javier Antonio to third
Runner from 3rd tries for Home, SAFE, no throw
Batting: RHB Dave Stockman 0-0: Ball
1-0: Called Strike
1-1: Foul Ball, location: 2F
1-2: Ball
2-2: Ball
3-2: Foul Ball, location: 2F
3-2: SINGLE (Flyball, 89S)
Arnold Bunch to second
Runner from 2nd tries for 3rd, SAFE, throw made to third
Dave Stockman to second
Pitching: LHP José Zarate
Batting: RHB Stephen Johnson 0-0: Ball
1-0: Ball
2-0: Foul Ball, location: 2F
2-1: Ground out 5-3 (Groundball, 56)
Arnold Bunch scores
Batting: LHB Ignacio Martínez 0-0: Ball
1-0: Called Strike
1-1: Swinging Strike
1-2: Ball
2-2: Strikes out swinging
Top of the 9th over - 9 run(s), 6 hit(s), 0 error(s), 1 left on base; Pennsauken 11 - Alloway 0
BOTTOM OF THE 9TH
Alloway Halberds batting - Pitching for Pennsauken Flyers : RHP Jeren Kendall
Now at 3B: Phil Terry
Now in CF: Clarence Therrien
Batting: LHB Jesús Trevino 0-0: Ball
1-0: Ground out U3 (Groundball, 34)
Batting: RHB Jordan Hollins 0-0: Called Strike
0-1: Foul Ball, location: 2F
0-2: SINGLE (Groundball, 6D)
Batting: RHB Juan Salinas 0-0: Foul Ball, location: 2F
0-1: SINGLE (Flyball, 8LS)
Jordan Hollins to second
Runner from 2nd tries for 3rd, SAFE, no throw
Batting: RHB Jerry Yates 0-0: Grounds into double play, 5-4-3 (Groundball, 5L)
Bottom of the 9th over - 0 run(s), 2 hit(s), 0 error(s), 1 left on base; Pennsauken 11 - Alloway 0
Thursday, August 31st, 2017 - OOTP Baseball 17.12 Build 75